Map: Newkirk Precinct TE (Void)

Players

Tubac - Winner!

  • Race: Terran Terran
  • Spawn Location: 5:00

Musumeci

  • Race: Zerg Zerg
  • League: Diamond
  • Spawn Location: 7:00

VOD

Have the link to the VOD?

Description

Time

  • Played on: Feb. 23, 2017, 12:37 p.m.
  • Length: 6:59
Show
View Real Time Build Order
Export as new Build Order

Tubac Terran - Winner!

Build Orders: Reaper Expand 

Get SALT Encoding   

  12  0:01  SCV  
  13  0:13  SCV  
  14  0:18  Supply Depot  
  14  0:25  SCV  
  15  0:40  SCV  
  16  0:45  Barracks  
  16  0:47  Refinery  
  16  0:52  SCV  
  17  1:04  SCV  
  18  1:16  SCV  
  19  1:32  Reaper  
  20  1:34  Orbital Command  
  20  1:43  Command Center  
  20  1:54  Barracks  
  20  2:02  SCV  
  21  2:10  Supply Depot  
  21  2:12  Refinery  
  21  2:17  SCV  
  21  2:20  Barracks Reactor  
  22  2:29  Factory  
  22  2:40  Bunker  
  22  2:43  Bunker  
  22  2:45  Barracks Tech Lab  
  22  2:47  Marine  
  22  2:49  SCV  
  24  3:04  Marine  
  24  3:13  Supply Depot, Cyclone  
  27  3:28  Supply Depot  
  27  3:41  Orbital Command  
  27  3:44  Marine  
  28  3:51  SCV  
  29  4:05  Cyclone  
  32  4:19  Marine  
  32  4:20  Marine  
  32  4:21  SCV  
  35  4:28  Starport  
  35  4:29  SCV  
  31  5:07  Cyclone  
  31  5:08  Marine x2  
  31  5:11  Starport Reactor  
  36  5:27  Marine x2  
  35  5:44  Marine  
  35  5:47  Factory Tech Lab, Barracks, Supply Depot  
  35  5:49  Barracks  
  36  5:50  SCV x2  
  36  5:51  Supply Depot  
  36  5:53  Medivac x2  
  36  5:55  Marine  
  43  6:11  Marine  
  43  6:13  Marine  
  43  6:17  Siege Tank  
  48  6:20  SCV  
  49  6:26  Medivac  
  49  6:29  Marine  
  49  6:31  Marine  
Show
View Real Time Build Order
Export as new Build Order

Musumeci Zerg 

Build Orders: Pool First, Ravager All-In 

Get SALT Encoding   

  12  0:00  Drone  
  13  0:08  Drone  
  14  0:33  Spawning Pool  
  14  0:35  Drone  
  14  0:58  Hatchery  
  14  1:01  Drone  
  14  1:04  Extractor  
  14  1:07  Drone  
  14  1:11  Extractor  
  14  1:13  Drone  
  14  1:27  Roach Warren  
  13  1:38  Overlord  
  13  1:41  Drone  
  14  2:10  Roach  
  14  2:11  Queen  
  18  2:21  Roach  
  20  2:33  Ravager  
  20  2:34  Roach  
  23  2:42  Ravager  
  24  2:47  Roach  
  26  3:06  Ravager  
  26  3:08  Ravager  
  28  3:17  Overlord  
  25  3:46  Roach x3  
  31  4:17  Ravager x3  
  34  4:26  Roach  
  27  4:56  Roach  
  27  4:58  Ravager  
  18  5:10  Roach x3  
  24  5:20  Ravager  
  25  5:22  Queen  
  25  5:24  Roach  
  29  5:45  Overlord x2  
  29  6:03  Ravager x4  
  33  6:05  Roach  
  28  6:48  Ravager  
Tags
 
Add a new tag
Caveats
  • Supply blocks, unpowered buildings, or Contaminate may cause inaccurate times.
  • Supply counts are checked every 10 seconds.